 Dungeon Crawl Stone Soup version 0.20-a0-12-g90c15da (webtiles) character file.

98 JeffiDaFish the Shield-Bearer (level 4, -1/28 HPs)
             Began as a Gargoyle Fighter on Nov 2, 2016.
             Slain by a goblin
             ... wielding a +0 club
             ... led by Robin
              (3 damage)
             ... on level 2 of the Dungeon.
             The game lasted 00:05:35 (1018 turns).

JeffiDaFish the Shield-Bearer (Gargoyle Fighter)    Turns: 1018, Time: 00:05:37

Health: -1/28      AC: 10    Str: 21    XL:     4   Next: 71%
Magic:  4/4        EV:  7    Int:  8    God:
Gold:   50         SH: 11    Dex:  9    Spells: 0 memorised, 3 levels left

rFire  . . .     SeeInvis .     a - +0 flail
rCold  . . .     Gourm    .     b - +0 scale mail
rNeg   + . .     Faith    .     c - +2 shield
rPois  ∞         Spirit   .     (no helmet)
rElec  +         Reflect  .     (no cloak)
rCorr  .         Harm     .     (no gloves)
MR     .....                    (no boots)
Stlth  ..........               (no amulet)
                                (no ring)
                                (no ring)

@: no status effects
A: negative energy resistance 1, electricity resistance, unbreathing,
petrification resistance, rot immunity, AC +3
a: no special abilities


You were on level 2 of the Dungeon.
You were not hungry.

You visited 1 branch of the dungeon, and saw 2 of its levels.

You collected 50 gold pieces.

Inventory:

Hand Weapons
 a - a +0 flail (weapon)
Armour
 b - a +0 scale mail (worn)
 c - a +2 shield (worn)
Scrolls
 k - a scroll of amnesia
Potions
 d - a potion of might
 e - 2 potions of cancellation
Comestibles
 f - 2 bread rations
 g - 7 chunks of flesh
 h - 2 beef jerkies
 i - a meat ration


   Skills:
 + Level 3.5 Fighting
 + Level 3.3 Maces & Flails
 + Level 3.7 Armour
 + Level 0.8 Dodging
 + Level 4.1 Shields


You had 3 spell levels left.
You didn't know any spells.

Dungeon Overview and Level Annotations

Branches:
Dungeon (2/15)

Altars:
Dithmenos


Innate Abilities, Weirdness & Mutations

You are resistant to torment.
Your stone body is resilient. (AC +3)
You are immune to poison.
You resist negative energy. (rN+)
You are resistant to electric shocks. (rElec)
You can survive without breathing.
You are immune to petrification.
You are immune to rotting.


Message History

The goblin hits you with a club.
* * * LOW HITPOINT WARNING * * *
The goblin hits you but does no damage. x2
The hobgoblin hits you but does no damage.
You block the hobgoblin's attack.
Okay, then.
You closely miss the goblin. You block the goblin's attack.
The goblin barely misses you. The goblin hits you but does no damage.
You block the goblin's attack. You block the hobgoblin's attack.
The hobgoblin hits you but does no damage.
The goblin hits you but does no damage.
You hit the goblin.
The goblin is moderately wounded.
You block the goblin's attack. x2; The goblin hits you but does no damage.
The hobgoblin hits you but does no damage. x2
The goblin barely misses you. The goblin completely misses you.
You miss the goblin.
The goblin is moderately wounded.
You block the goblin's attack. The goblin hits you with a club.
You die...

#.## ..# .. #..#####...
## #. #.. ......# ... #.
##.####..### .... #.
#....##..##. ....##.
#..#........ .......##
###.##..##.### .....ggg#
#...#......# #
.....gg@###.#...#.##.# #
...##.ggg#.....#..##.###
#............##..##....
####?.......##...##....
####.....#.(#.##....
#.......##.##....
#................
.#.....).##...#...
........###....###


You could see 4 hobgoblins and 4 goblins.

Vanquished Creatures
  Terence (D:2)
  Robin (D:2)
  3 adders (D:2)
  An ooze (D:2)
  2 dart slugs
  A ball python (D:2)
  2 bats (D:2)
  2 giant cockroaches (D:1)
  7 goblins
  A hobgoblin (D:1)
  3 jackals (D:2)
  A frilled lizard (D:1)
  2 kobolds
  3 rats (D:1)
30 creatures vanquished.

Notes
Turn   | Place    | Note
-------+----------+-------------------------------------------
     0 | D:1      | JeffiDaFish the Gargoyle Fighter began the quest for the Orb.
     0 | D:1      | Reached XP level 1. HP: 14/14 MP: 1/1
   204 | D:1      | Reached XP level 2. HP: 11/19 MP: 2/2
   780 | D:2      | Reached XP level 3. HP: 18/23 MP: 3/3
   886 | D:2      | Noticed Terence
   936 | D:2      | Reached XP level 4. HP: 26/28 MP: 4/4
   952 | D:2      | Killed Terence
   952 | D:2      | Reached skill level 4 in Shields
   994 | D:2      | Found a shadowy altar of Dithmenos.
   998 | D:2      | Noticed Robin
  1012 | D:2      | Killed Robin
  1018 | D:2      | Slain by a goblin

Vault maps used:
D:1:      minmay_arrival_jagged
D:2:      overflow_temple_1_default, first_bread, uniq_terence, uniq_robin

Skill      XL: |  1  2  3  4 |
---------------+-------------+-----
Maces & Flails | 3 |  3.3
Shields        | 4 |  4.1
Fighting       | |  3.5
Armour         | |  3.7
Dodging        | |  0.8

Action                   |  1- 3 |  4- 6 || total
-------------------------+-------+-------++-------
Melee: Flail             |   106 |    38 ||   144
  Use: Potion            |     3 |       ||     3
       Scroll            |     5 |     1 ||     6
  Eat: Chunk             |       |     1 ||     1
Armor: Scale mail        |    78 |    38 ||   116
Dodge: Dodged            |    39 |    26 ||    65
Block: Shield            |    96 |    46 ||   142
